[Event "*** Titled Tuesday 3|2 Blitz"]
[Site "Chess.com"]
[Date "2016.05.03"]
[Round "6"]
[White "Blitzstream"]
[Black "yian123"]
[Result "1-0"]
[WhiteElo "2420"]
[BlackElo "2373"]
[TimeControl "180+2"]
[EndTime "12:12:41 PDT"]
[Termination "Blitzstream won by resignation"]

1. d4 d5 2. Nf3 Nf6 3. Bf4 c6 4. e3 Qb6 5. Qc1 Bf5 6. Nh4 Bg4 7. h3 Be6 8. Bd3 g6 9. Nf3 Bg7 10. O-O O-O 11. Ng5 Bc8 12. c4 Nbd7 13. Nc3 e6 14. Bd6 Re8 15. c5 Qd8 16. f4 b6 17. b4 a5 18. a3 Nh5 19. g4 Nhf6 20. Qc2 Nf8 21. Nf3 N6d7 22. Ne5 Nxe5 23. fxe5 Nd7 24. Qf2 f5 25.
gxf5 exf5 26. Qg2 axb4 27. Nxd5 Rxa3 28. Nxb4 Rxa1 29. Rxa1 bxc5 30. Nxc6 Qb6 31. Qd5+ Kh8 32. Rb1 1-0

[Event "*** Titled Tuesday 3|2 Blitz"]
[Site "Chess.com"]
[Date "2016.05.03"]
[Round "6"]
[White "GeorgMeier"]
[Black "Yaacovn"]
[Result "1/2-1/2"]
[WhiteElo "2748"]
[BlackElo "2567"]
[TimeControl "180+2"]
[EndTime "12:12:43 PDT"]
[Termination "Game drawn by agreement"]

1. Nf3 Nf6 2. g3 b6 3. Bg2 Bb7 4. c4 g6 5. Nc3 Bg7 6. O-O O-O 7. d4 Ne4 8. Nxe4 Bxe4 9. Bg5 c5 10. Qd2 Nc6 11. d5 Bxf3 12. Bxf3 Ne5 13. Rac1 Nxf3+ 14. exf3 f6 15. Bf4 e5 16. dxe6 dxe6 17. Rfd1 Qxd2 18.
Rxd2 Rfd8 19. Rcd1 Rd4 20. Be3 Rxc4 21. Rd8+ Rxd8 22. Rxd8+ Kf7 23. Rd7+ Kf8 24. Rxa7 Rc2 25. b3 f5 26. a4 Bd4 27. Rb7 Bxe3 28. fxe3 Rb2 29. Rxb6 c4 30. Rc6 cxb3 31. Rb6 Ke7 32. a5 1/2-1/2

[Event "*** Titled Tuesday 3|2 Blitz"]
[Site "Chess.com"]
[Date "2016.05.03"]
[Round "6"]
[White "Gergo85"]
[Black "tac49"]
[Result "1/2-1/2"]
[WhiteElo "2433"]
[BlackElo "2569"]
[TimeControl "180+2"]
[EndTime "12:12:48 PDT"]
[Termination "Game drawn by repetition"]

1. e4 e5 2. Nc3 Nf6 3. g3 d5 4.
exd5 Nxd5 5. Bg2 Nf6 6. Qe2 Bd6 7. Nf3 O-O 8. O-O Nc6 9. h3 Re8 10. d3 Nd4 11. Qd1 c6 12. Ne4 Nxe4 13. dxe4 Nxf3+ 14. Qxf3 Qe7 15. a4 a5 16. Rd1 Bc5 17. Be3 Be6 18. Bf1 Red8 19. Bxc5 Qxc5 20. Rxd8+ Rxd8 21. Rd1 Rxd1 22.
Qxd1 g6 23. Qd8+ Kg7 24. Qc7 b6 25. h4 h6 26. Bd3 Kf6 27. Qd8+ Kg7 28. Qc7 Kf6 29.
Qd8+ Kg7 30. Qc7 Kf6 31. Qd8+ 1/2-1/2

[Event "*** Titled Tuesday 3|2 Blitz"]
[Site "Chess.com"]
[Date "2016.05.03"]
[Round "6"]
[White "Pomoc"]
[Black "Winehouse83"]
[Result "0-1"]
[WhiteElo "2085"]
[BlackElo "2365"]
[TimeControl "180+2"]
[EndTime "12:13:36 PDT"]
[Termination "Winehouse83 won by resignation"]

1. e4 e5 2. Nf3 Nc6 3. Nc3 Nf6 4. d4 exd4 5. Nxd4 Bb4 6. Nxc6 bxc6 7. Bd3 d5 8. exd5 cxd5 9. O-O O-O 10. h3 c6 11.
Qf3 h6 12. Bf4 Bd6 13. Ne2 Rb8 14. b3 Re8 15. Rfe1 Qc7 16. Bxd6 Qxd6 17. Nf4 Bd7 18. c4 d4 19. Nh5 Nxh5 20. Qxh5 c5 21. Be4 Re5 22. Qf3 Rbe8 23. Qd3 Kh8 24. Kf1 Qe7 25. f3 f5 26. Re2 fxe4 27. fxe4 Rxe4 28. Rae1 Rxe2 29. Rxe2 Qxe2+ 30. Qxe2 Rxe2 31. Kxe2 Bf5 0-1

[Event "*** Titled Tuesday 3|2 Blitz"]
[Site "Chess.com"]
[Date "2016.05.03"]
[Round "6"]
[White "Rating-Schmating"]
[Black "Schemato"]
[Result "0-1"]
[WhiteElo "2222"]
[BlackElo "2213"]
[TimeControl "180+2"]
[EndTime "12:13:50 PDT"]
[Termination "Schemato won by checkmate"]

1. e4 e6 2. d4 d5 3. Nd2 Be7 4.
Bd3 c5 5. exd5 Qxd5 6. Ngf3 cxd4 7. Bc4 Qd8 8. Nb3 Nc6 9. O-O Nf6 10. Nbxd4 Bd7 11.
Be3 O-O 12. Nxc6 Bxc6 13. Nd4 Bd5 14. Bxd5 Qxd5 15. Nb3 Rfd8 16. Qe2 b6 17. Rad1 Qb7 18. Rxd8+ Rxd8 19. Rd1 Rxd1+ 20. Qxd1 Qd7 21. Qxd7 Nxd7 22.
Nd4 Bc5 23. c3 Kf8 24. b4 Bxd4 25. Bxd4 a6 26. a4 b5 27. axb5 axb5 28. Kf1 e5 29. Ba7 Ke7 30. Ke2 Ke6 31. Kd3 Kd5 32. f3 f5 33. Bf2 Nf6 34. Bh4 Ne8 35. Ke3 Nd6 36. Be7 Nc4+ 37. Kd3 g6 38. h4 e4+ 39. Ke2 Ne5 40.
Ke3 Nc4+ 41. Kf4 e3 42. Bc5 e2 43. Bf2 Ne5 44. Ke3 Kc4 45. Be1 Nd3 46. Kxe2 Nxe1 47.
Kxe1 Kxc3 48. h5 gxh5 49. Kf2 Kxb4 50. Kg3 Kc4 51. Kf4 b4 52. Kxf5 b3 53. Kg5 b2 54.
f4 b1=Q 55. f5 Kd5 56. Kf6 Qg1 57. Ke7 Qxg2 58. f6 Qg5 59. Ke8 Qxf6 60. Kd7 Qf7+ 61.
Kc8 Kc6 62. Kb8 Qb7# 0-1

[Event "*** Titled Tuesday 3|2 Blitz"]
[Site "Chess.com"]
[Date "2016.05.03"]
[Round "6"]
[White "Zlatan56"]
[Black "KuzubovYuriy"]
[Result "0-1"]
[WhiteElo "2573"]
[BlackElo "2612"]
[TimeControl "180+2"]
[EndTime "12:13:51 PDT"]
[Termination "KuzubovYuriy won by resignation"]

1. g3 d5 2. Bg2 Nf6 3. Nf3 c6 4. O-O Bg4 5. c4 Bxf3 6. Bxf3 e6 7. d3 Be7 8. Nc3 O-O 9. Bg2 Nbd7 10. cxd5 cxd5 11.
e4 d4 12. Ne2 e5 13. f4 Rc8 14. h3 Nc5 15. g4 Nfd7 16. Ng3 exf4 17. Bxf4 Ne6 18. Bd2 Bg5 19. Nf5 Bxd2 20. Qxd2 Ne5 21. Rac1 Rxc1 22. Rxc1 g6 23. Ng3 Qd7 24. Kh1 Rc8 25.
Rf1 Qc7 26. Nf5 gxf5 27. gxf5 Qc2 28. Qh6 Ng7 29. f6 Ne6 30. Kh2 Qxd3 31. Rf5 Qe3 32.
Qh4 Ng6 33. Qg4 d3 34. Re5 Qf4+ 0-1

[Event "*** Titled Tuesday 3|2 Blitz"]
[Site "Chess.com"]
[Date "2016.05.03"]
[Round "6"]
[White "Iball95"]
[Black "KyronGriffith"]
[Result "1-0"]
[WhiteElo "2494"]
[BlackElo "2310"]
[TimeControl "180+2"]
[EndTime "12:14:04 PDT"]
[Termination "Iball95 won by resignation"]

1. e4 c5 2. Nf3 e6 3. g3 Nc6 4. Bg2 g6 5. d4 cxd4 6. Nxd4 Bg7 7. Nb5 Qa5+ 8. N1c3 Bxc3+ 9. Nxc3 a6 10. O-O Nge7 11. Bh6 b6 12. Re1 Bb7 13. Nd5 O-O-O 14. Bd2 Qb5 15. c4 Qxb2 16. Rb1 Qxa2 17. Nxb6+ Kc7 18. Bf4+ e5 19. Be3 d6 20. Nd5+ Nxd5 21. cxd5 Nd4 22. Bxd4 exd4 23. Qxd4 Rb8 24. Rbc1+ Kd7 25. Bh3+ Ke7 26. e5 Kf8 27. e6 Rg8 28. e7+ Ke8 29. Rc7 Bc8 30. Bxc8 1-0

[Event "*** Titled Tuesday 3|2 Blitz"]
[Site "Chess.com"]
[Date "2016.05.03"]
[Round "6"]
[White "cabalista"]
[Black "jk13"]
[Result "1/2-1/2"]
[WhiteElo "2364"]
[BlackElo "2404"]
[TimeControl "180+2"]
[EndTime "12:14:17 PDT"]
[Termination "Game drawn by repetition"]

1. e4 e5 2. Nc3 Nc6 3. Bc4 Nf6 4. d3 Na5 5. Nge2 Nxc4 6. dxc4 Be7 7. O-O d6 8. b3 O-O 9. a4 c6 10. a5 a6 11. h3 Qc7 12. Bb2 Nd7 13. f4 exf4 14. Nxf4 Bf6 15. Qe1 Be5 16. Na4 Re8 17. Qf2 Nf6 18.
Bxe5 Rxe5 19. Nb6 Rb8 20. Rae1 Nxe4 21. Qf3 f5 22. Re2 Rxa5 23. Nxc8 Qxc8 24. Nd3 Qc7 25. b4 Ra3 26. Qxf5 Nf6 27. Qe6+ Kh8 28. c5 dxc5 29. Ne5 Rf8 30. Re4 Qc8 31. Nf7+ Kg8 32. Nh6+ Kh8 33.
Nf7+ Kg8 34. Nh6+ Kh8 35. Nf7+ Kg8 36. Nh6+ Kh8 37. Nf7+ Kg8 38. Nh6+ Kh8 39. Nf7+ 1/2-1/2

[Event "*** Titled Tuesday 3|2 Blitz"]
[Site "Chess.com"]
[Date "2016.05.03"]
[Round "6"]
[White "YuriyKrykun"]
[Black "HansCoolNiemann"]
[Result "0-1"]
[WhiteElo "2278"]
[BlackElo "2270"]
[TimeControl "180+2"]
[EndTime "12:14:17 PDT"]
[Termination "HansCoolNiemann won by resignation"]

1. Nf3 Nf6 2. g3 b5 3. Bg2 Bb7 4. O-O e6 5. d4 c5 6. c3 Be7 7. a4 a6 8. axb5 axb5 9. Rxa8 Bxa8 10. Bg5 cxd4 11. cxd4 O-O 12. Qb3 Qa5 13. Na3 b4 14.
Nc4 Qb5 15. Bxf6 gxf6 16. e3 Bd5 17. Nfd2 Nc6 18. Qc2 b3 19. Qc1 Rc8 20. Bxd5 exd5 21. Na3 Bxa3 22. bxa3 b2 23. Qb1 Na5 24. Kg2 Nc4 25. Qd3 Qa5 26. Nb1 Nd6 27. Qb3 Nc4 28.
Qd3 Qb6 29. Rd1 Nd6 30. Re1 Rc1 31. Re2 Nc4 32. e4 Qc6 33. f3 Qa4 34. exd5 Qd1 35. Qxd1 Rxd1 36. Nc3 Rc1 37. Rxb2 Nxb2 38. Ne4 Nc4 39.
Nxf6+ Kg7 40. Nxd7 Rd1 41. a4 Rxd4 42. Nc5 Rxd5 43. Ne4 Nb6 44. Nc3 Rd3 45. Ne4 Nxa4 46. Nc5 Nxc5 0-1

[Event "*** Titled Tuesday 3|2 Blitz"]
[Site "Chess.com"]
[Date "2016.05.03"]
[Round "6"]
[White "ZEN-22"]
[Black "hypert"]
[Result "1-0"]
[WhiteElo "2406"]
[BlackElo "2341"]
[TimeControl "180+2"]
[EndTime "12:14:26 PDT"]
[Termination "ZEN-22 won by resignation"]

1. e4 c5 2. Nf3 e6 3. b3 Nc6 4. Bb2 Nge7 5. h4 d5 6. h5 h6 7. Nc3 d4 8. Ne2 e5 9. Ng3 Be6 10. Be2 Qd7 11. Nh4 O-O-O 12. Bc4 Bxc4 13. bxc4 d3 14.
Bc3 Qe6 15. cxd3 Rxd3 16. Qa4 g6 17. Rb1 Bg7 18. Qb5 Rd7 19. Qxc5 b6 20. Qb5 Nd4 21. Bxd4 Rxd4 22. hxg6 fxg6 23. c5 Kb7 24. cxb6 axb6 25. d3 Ra8 26. O-O Rxa2 27. Ra1 Rda4 28. Rxa2 Rxa2 29.
Rb1 Ra8 30. Nf3 Rd8 31. Ra1 Qc6 32. Qa6+ Kc7 33. Qa7+ Kd6 34. d4 exd4 35. e5+ Ke6 36. Rd1 d3 37. Qa1 b5 38. Nd4+ Rxd4 39. Qxd4 Qc4 40. Qxd3 Qxd3 41. Rxd3 b4 42. f4 Nd5 43. Ne2 g5 44. Nd4+ Kd7 45. Nf5 1-0

[Event "*** Titled Tuesday 3|2 Blitz"]
[Site "Chess.com"]
[Date "2016.05.03"]
[Round "6"]
[White "iturrizaga"]
[Black "Ginger_GM"]
[Result "1-0"]
[WhiteElo "2567"]
[BlackElo "2548"]
[TimeControl "180+2"]
[EndTime "12:14:30 PDT"]
[Termination "iturrizaga won by resignation"]

1. Nf3 f5 2. c4 Nf6 3. Nc3 e6 4.
d4 g6 5. g3 Bg7 6. Bg2 O-O 7.
O-O d6 8. b4 e5 9. dxe5 dxe5 10.
Bb2 e4 11. Nd4 c6 12. e3 Ng4 13. Qb3 Kh8 14. Rad1 Qe7 15. b5 Qf7 16. Ba3 Re8 17.
Rd2 Ne5 18. Rfd1 Be6 19. Nxe6 Qxe6 20. Rd6 Qf7 21. Bf1 Nbd7 22. c5 Nf3+ 23. Kg2 Qxb3 24. axb3 Nxc5 25. Bxc5 Bxc3 26. bxc6 bxc6 27. Rxc6 Rac8 28.
Rxc8 Rxc8 29. Bxa7 Ra8 30. Rd7 Ne5 31. Rc7 Bb2 32. b4 Rd8 33. b5 Rd2 34. b6 Ng4 35.
b7 1-0

[Event "*** Titled Tuesday 3|2 Blitz"]
[Site "Chess.com"]
[Date "2016.05.03"]
[Round "6"]
[White "Fh2411"]
[Black "sorito"]
[Result "0-1"]
[WhiteElo "2270"]
[BlackElo "2236"]
[TimeControl "180+2"]
[EndTime "12:14:37 PDT"]
[Termination "sorito won on time"]

1. d4 Nf6 2. Bf4 b6 3. e3 Bb7 4. Nf3 d6 5. h3 Nbd7 6. Be2 e6 7. O-O g6 8. c4 Bg7 9. Nc3 O-O 10. Qc2 Qe7 11.
Bh2 a6 12. b4 e5 13. a4 Rfe8 14. a5 exd4 15. exd4 Ne4 16. Nd5 Qd8 17. Rfd1 b5 18.
Ne3 bxc4 19. Bxc4 c5 20. Rab1 cxd4 21. Nxd4 Qh4 22. Nf3 Qh5 23. Bd5 Rac8 24. Qa4 Bxd5 25. Nxd5 Ndf6 26. Nb6 Nc3 27. Qb3 Rc6 28. Rxd6 Ne2+ 29.
Kh1 Ne4 30. g4 Qxh3 31. Qe3 Nxd6 0-1

[Event "*** Titled Tuesday 3|2 Blitz"]
[Site "Chess.com"]
[Date "2016.05.03"]
[Round "6"]
[White "flavettes"]
[Black "pedromartinez91"]
[Result "0-1"]
[WhiteElo "2365"]
[BlackElo "2355"]
[TimeControl "180+2"]
[EndTime "12:14:47 PDT"]
[Termination "pedromartinez91 won by resignation"]

1. d4 d5 2. c4 e6 3. Nc3 Nf6 4. Bg5 Be7 5. e3 O-O 6. cxd5 exd5 7. Bd3 c6 8. Nf3 a5 9. O-O Nbd7 10. a3 Re8 11.
Rb1 g6 12. b4 axb4 13. axb4 b5 14. e4 Nxe4 15. Bxe7 Nxc3 16. Bxd8 Nxd1 17. Bg5 Nc3 18. Rbc1 Ra3 19. Bd2 Na2 20. Ra1 Rxd3 21. Rxa2 Nb6 22. Rc1 Nc4 23. Bc3 f6 24. Kf1 Bg4 25. Ne1 Rd1 26. Rxd1 Bxd1 27. Nd3 Ba4 28. Nc5 Kf7 29. Nxa4 Ra8 30. Ke2 Rxa4 31. Rxa4 bxa4 32.
g4 Nd6 33. Ba1 Nb5 34. Kd3 f5 35. h3 Kf6 36. f4 fxg4 37. hxg4 h5 0-1

[Event "*** Titled Tuesday 3|2 Blitz"]
[Site "Chess.com"]
[Date "2016.05.03"]
[Round "6"]
[White "jcibarra"]
[Black "Spas_Kozhuharov"]
[Result "1/2-1/2"]
[WhiteElo "2535"]
[BlackElo "2482"]
[TimeControl "180+2"]
[EndTime "12:14:58 PDT"]
[Termination "Game drawn - insufficient material"]

1. e4 c6 2. Nc3 d5 3. Nf3 Bg4 4. h3 Bh5 5. exd5 cxd5 6. g4 Bg6 7. Bb5+ Nc6 8. Ne5 Rc8 9. d4 e6 10. Qe2 Bd6 11. Nxg6 hxg6 12. Nxd5 Nf6 13. Nxf6+ Qxf6 14. d5 a6 15. dxc6 axb5 16. cxb7 Rb8 17. Qxb5+ Kf8 18.
Bg5 Qf3 19. Rg1 Rxb7 20. Qe2 Qxe2+ 21. Kxe2 Rxb2 22. Rgd1 Rxc2+ 23. Kf1 Be7 24. Rab1 Rc8 25. Bxe7+ Kxe7 26. Rb7+ Kf6 27. Rd3 Rhf8 28. Rf3+ Kg5 29.
Rfxf7 Rxf7 30. Rxf7 Ra8 31. Rxg7 Rxa2 32. Rf7 e5 33.
Kg2 e4 34. Re7 Kf4 35. Re6 g5 36. Rf6+ Ke5 37. Rf5+ Kd4 38. Kg3 Ra3+ 39. Kg2 Ra2 40. Rxg5 e3 41. Rg8 Rxf2+ 42. Kg3 Rf1 43. Re8 Kd3 44. h4 e2 45. h5 e1=Q+ 46. Rxe1 Rxe1 47. Kf4 Rh1 48. Kf5 Ke3 49. Kg6 Kf4 50. g5 Rg1 51.
h6 Rxg5+ 52. Kf6 Rh5 53. Kg7 Rxh6 54. Kxh6 1/2-1/2

[Event "*** Titled Tuesday 3|2 Blitz"]
[Site "Chess.com"]
[Date "2016.05.03"]
[Round "6"]
[White "Carolina-moon"]
[Black "saraswathii"]
[Result "0-1"]
[WhiteElo "2035"]
[BlackElo "1978"]
[TimeControl "180+2"]
[EndTime "12:14:59 PDT"]
[Termination "saraswathii won on time"]

1. e4 c5 2. Nc3 e6 3. g3 Nc6 4.
Bg2 Nf6 5. Nge2 d5 6. exd5 exd5 7.
d4 Be6 8. O-O c4 9. Nf4 Be7 10.
Nxe6 fxe6 11. Re1 Qd7 12. Bh3 Nd8 13. Bg5 O-O 14. Qe2 Kf7 15. Qf3 Kg6 16. Bd2 h5 17.
Qe3 Kf7 18. f4 Bd6 19. Re2 Re8 20. Rae1 b5 21. a3 a5 22. Qf3 Qc6 23. f5 exf5 24. Bxf5 Rxe2 25. Qxe2 b4 26. axb4 axb4 27. Be6+ Kf8 28.
Nd1 Nxe6 29. Qxe6 Re8 30. Qf5 Rxe1+ 31. Bxe1 Qe8 32. Kf1 Kg8 33. Bd2 Kh8 34. Ne3 Ne4 35. Bc1 c3 36. Nxd5 cxb2 37. Bxb2 Nd2+ 38. Kg2 Qe2+ 39.
Qf2 Qe4+ 40. Kh3 Nc4 0-1

[Event "*** Titled Tuesday 3|2 Blitz"]
[Site "Chess.com"]
[Date "2016.05.03"]
[Round "6"]
[White "Krasimir_Rusev"]
[Black "Smirnov_Pavel"]
[Result "0-1"]
[WhiteElo "2487"]
[BlackElo "2502"]
[TimeControl "180+2"]
[EndTime "12:15:00 PDT"]
[Termination "Smirnov_Pavel won by resignation"]

1. d4 d5 2. Bf4 Nf6 3. e3 e6 4.
Nf3 c5 5. c3 Nc6 6. Nbd2 Bd6 7.
Bg3 O-O 8. Bd3 b6 9. Qb1 Bb7 10. Ne5 Ne7 11. Bh4 Ng6 12. Bxg6 fxg6 13. f4 Be7 14.
O-O Qd6 15. Qd3 c4 16. Qe2 b5 17. Rf3 a5 18. Rh3 b4 19. Rf1 a4 20. cxb4 Qxb4 21. a3 Qxb2 22. Bxf6 Rxf6 23. Rb1 Qc2 24. Qe1 Ba6 25.
Ndf3 Bxa3 26. Rb6 Qc1 27. Kf2 Qxe1+ 28. Nxe1 Bc1 29. Nc2 a3 30. Rb1 Bb2 31. Ke1 c3 32.
g4 a2 33. Rd1 Bb5 34. g5 Rff8 0-1

[Event "*** Titled Tuesday 3|2 Blitz"]
[Site "Chess.com"]
[Date "2016.05.03"]
[Round "6"]
[White "AdrianaNikolova"]
[Black "GM_Levan_Pantsulaia"]
[Result "1-0"]
[WhiteElo "2264"]
[BlackElo "2482"]
[TimeControl "180+2"]
[EndTime "12:15:03 PDT"]
[Termination "AdrianaNikolova won by resignation"]

1. e4 c6 2. d4 d5 3. Nd2 dxe4 4. Nxe4 Bf5 5. Ng3 Bg6 6. h4 h6 7. Nf3 e6 8. Bd3 Bxd3 9. Qxd3 Nf6 10. Bd2 Bd6 11.
Ne4 Nxe4 12. Qxe4 Nd7 13. O-O-O Nf6 14. Qe2 Qc7 15. g3 O-O-O 16. c4 c5 17. Bc3 cxd4 18.
Nxd4 a6 19. Kb1 Rd7 20. Rd2 Rhd8 21. Rhd1 Qc5 22. Nb3 Qf5+ 23. Ka1 Ne4 24. Nd4 Qh7 25. Ba5 Nxd2 26. Bxd8 Bb4 27. Bb6 Qg6 28. a3 Rxd4 29. Bxd4 Qc2 30. Rxd2 Bxd2 31. Bxg7 h5 32. Ka2 a5 33. Bc3 a4 34. Qxd2 Qb3+ 35. Kb1 Qxc4 36. Bb4 Kb8 37. Qd6+ Ka8 38. Qf8+ Ka7 39. Qc5+ Qxc5 40.
Bxc5+ 1-0

[Event "*** Titled Tuesday 3|2 Blitz"]
[Site "Chess.com"]
[Date "2016.05.03"]
[Round "6"]
[White "eugeniusjr"]
[Black "smurfo"]
[Result "0-1"]
[WhiteElo "1889"]
[BlackElo "2529"]
[TimeControl "180+2"]
[EndTime "12:15:07 PDT"]
[Termination "smurfo won on time"]

1. c4 e5 2. g3 Nf6 3. Bg2 d5 4.
cxd5 Nxd5 5. Nc3 Nb6 6. Nf3 Nc6 7. a3 Be6 8. O-O Be7 9. b4 O-O 10. d3 a5 11. b5 Nd4 12. Nxd4 exd4 13. Na4 Bd5 14.
Bh3 c5 15. Bd2 Nxa4 16. Qxa4 b6 17. e3 dxe3 18. Bxe3 Bf6 19. Rac1 Re8 20. d4 cxd4 21. Bxd4 Bb7 22. Bxf6 Qd5 23. f3 gxf6 24. Qg4+ Kh8 25. Qh4 Kg7 26. Rc4 Re5 27. Rg4+ Rg5 28. Rxg5+ fxg5 29. Qg4 Re8 30. a4 Re2 31. Qf5 Qd4+ 32. Kh1 h6 33.
Qb1 Qd2 0-1

[Event "*** Titled Tuesday 3|2 Blitz"]
[Site "Chess.com"]
[Date "2016.05.03"]
[Round "6"]
[White "chess960now"]
[Black "FearNoEvil12"]
[Result "1-0"]
[WhiteElo "1974"]
[BlackElo "1900"]
[TimeControl "180+2"]
[EndTime "12:15:14 PDT"]
[Termination "chess960now won on time"]

1. d4 Nf6 2. c4 d6 3. Nf3 g6 4. g3 Bg7 5. Bg2 O-O 6. O-O Nc6 7. Nc3 a6 8. e4 Rb8 9. a4 e5 10.
d5 Ne7 11. Qd3 h6 12. h3 Kh7 13. Be3 Nd7 14. b4 f5 15. Rac1 f4 16. Bd2 g5 17. g4 Nf6 18. c5 Ng6 19. cxd6 cxd6 20. b5 Nd7 21. Na2 Nc5 22. Qc2 h5 23. gxh5 Nh4 24.
Nxh4 gxh4 25. f3 Qg5 26. Kh1 Qxh5 27. Bb4 b6 28. a5 Rg8 29. axb6 Bf8 30. Bxc5 dxc5 31.
bxa6 Bxa6 32. Rg1 Rxb6 33. Nc3 Rbg6 34. Na4 Bc8 35. Nxc5 1-0

[Event "*** Titled Tuesday 3|2 Blitz"]
[Site "Chess.com"]
[Date "2016.05.03"]
[Round "6"]
[White "rhungaski"]
[Black "GMVladimir_Petkov"]
[Result "0-1"]
[WhiteElo "2450"]
[BlackElo "2372"]
[TimeControl "180+2"]
[EndTime "12:15:15 PDT"]
[Termination "GMVladimir_Petkov won by checkmate"]

1. Nf3 d5 2. c4 d4 3. e4 c5 4. d3 Nc6 5. Be2 e5 6. O-O Bd6 7. Na3 Nge7 8. Nc2 O-O 9. a3 a5 10. Rb1 a4 11. b4 axb3 12. Rxb3 b6 13. Nfe1 g6 14. Bh6 Re8 15. Bg4 f5 16. exf5 gxf5 17.
Bh5 Ng6 18. Nf3 e4 19. Ng5 Qf6 20. Rxb6 Bc7 21. Rb3 Bd7 22. dxe4 fxe4 23. g3 Re5 24. Rb7 Rc8 25. f4 Re7 26. Bg4 Bf5 27. Bxf5 Qxf5 28.
g4 Qf6 29. Nh3 Qh4 30. Bg5 Qxh3 31. Bxe7 Nxf4 32. Rxf4 Bxf4 33. Qe2 d3 34. Qxe4 Qxg4+ 35. Kh1 Ne5 36. Qd5+ Nf7 37. Bxc5 Qd1+ 38. Bg1 Rf8 39.
Qg2+ Kh8 40. Nd4 Rg8 41. Qf3 Qxg1# 0-1

[Event "*** Titled Tuesday 3|2 Blitz"]
[Site "Chess.com"]
[Date "2016.05.03"]
[Round "6"]
[White "ArnaudovP"]
[Black "Aguiar94"]
[Result "0-1"]
[WhiteElo "2402"]
[BlackElo "2401"]
[TimeControl "180+2"]
[EndTime "12:15:17 PDT"]
[Termination "Aguiar94 won by resignation"]

1. d4 Nf6 2. c4 e6 3. Nc3 Bb4 4. Qc2 c5 5. dxc5 Na6 6. a3 Bxc3+ 7. Qxc3 Nxc5 8. b4 Nce4 9. Qd4 d5 10. c5 b6 11. f3 bxc5 12. bxc5 Qa5+ 13. Qb4 Qc7 14. fxe4 Nxe4 15. Qa4+ Bd7 16. c6 Bxc6 17. Qc2 Rc8 18. e3 Qe5 19. Bb2 Qg5 20. Bd4 O-O 21. Nf3 Qd8 22. Qb2 Rb8 23. Qa2 Qa5+ 24. Nd2 Ba4 25. Bd3 Bb3 26. Qb2 Bc4 27. Qc2 Bxd3 28.
Qxd3 Rb3 29. Qc2 e5 30. Bxe5 Rxe3+ 31. Kd1 Nf2+ 32. Kc1 Nd3+ 33. Kd1 Nxe5 34. Re1 d4 35. Rc1 Qxa3 36. Rxe3 dxe3 37. Nc4 Rd8+ 38. Ke1 Qxc1+ 39. Qxc1 Nd3+ 0-1

[Event "*** Titled Tuesday 3|2 Blitz"]
[Site "Chess.com"]
[Date "2016.05.03"]
[Round "6"]
[White "Bentery"]
[Black "stuffings101"]
[Result "1-0"]
[WhiteElo "2360"]
[BlackElo "2104"]
[TimeControl "180+2"]
[EndTime "12:15:17 PDT"]
[Termination "Bentery won by resignation"]

1. Nf3 Nf6 2. g3 g6 3. b3 Bg7 4. Bb2 d6 5. d4 O-O 6. Bg2 Nbd7 7. O-O e5 8. dxe5 Ng4 9. Qd2 Ngxe5 10. c4 Re8 11. Nc3 a6 12. Rad1 Nxf3+ 13. Bxf3 Rb8 14. Bg2 h5 15. h4 Nf6 16. c5 Bg4 17. cxd6 cxd6 18.
Rfe1 Qa5 19. Qxd6 Rbd8 20. Qf4 Rxd1 21. Rxd1 Nd7 22. Bd5 Rf8 23. b4 Qb6 24. Na4 Qb5 25.
Bxg7 Kxg7 26. Nc3 Qb6 27. Qd4+ Qxd4 28. Rxd4 Rc8 29. Rc4 Nb6 30. Rxc8 Bxc8 31. Bb3 Kf6 32. f4 Ke7 33. e4 f6 34. Kf2 Be6 35. Ke3 Bxb3 36. axb3 Kd6 37. Kd4 Nd7 38. Nd5 b5 39. Nc3 Nf8 40. e5+ fxe5+ 41. fxe5+ Kc6 42. Nd5 Ne6+ 43. Ke4 Kd7 44. Nf4 Nf8 45. Kd5 Kc7 46. e6 Kd8 47. Kd6 Ke8 48. Nd5 Nh7 49. Nc7+ 1-0

[Event "*** Titled Tuesday 3|2 Blitz"]
[Site "Chess.com"]
[Date "2016.05.03"]
[Round "6"]
[White "destroyer305"]
[Black "Ksenia_Legenko"]
[Result "0-1"]
[WhiteElo "2244"]
[BlackElo "2045"]
[TimeControl "180+2"]
[EndTime "12:15:24 PDT"]
[Termination "Ksenia_Legenko won by resignation"]

1. e4 c6 2. d4 d5 3. exd5 cxd5 4. Bd3 Nc6 5. c3 Nf6 6. Bf4 Bg4 7. Qb3 Qd7 8. Nd2 e6 9. Ngf3 Bxf3 10. Nxf3 Bd6 11.
Bg3 O-O 12. O-O Rab8 13. Rae1 Qc7 14. Ne5 b5 15. Qd1 b4 16. f4 bxc3 17. bxc3 Rb2 18. Bh4 Ne4 19. Qh5 f5 20. Rf3 Bxe5 21. fxe5 Qf7 22.
Qxf7+ Rxf7 23. a4 Nxc3 24. Bxf5 Rxf5 25. Rxc3 Nxd4 26. Rc8+ Kf7 27. Rc7+ Kg6 28. Rxa7 Ne2+ 29. Kh1 Rxe5 30. Rf1 Rf5 31. Ra1 Rc2 32. a5 d4 33. a6 d3 34. Rd7 d2 35. Rd1 Rc1 36. g4 Rxd1+ 37. Kg2 Ra5 38. a7 Rg1+ 39. Kf2 d1=Q 0-1

[Event "*** Titled Tuesday 3|2 Blitz"]
[Site "Chess.com"]
[Date "2016.05.03"]
[Round "6"]
[White "maciek_92"]
[Black "Inopov"]
[Result "0-1"]
[WhiteElo "2562"]
[BlackElo "2475"]
[TimeControl "180+2"]
[EndTime "12:15:26 PDT"]
[Termination "Inopov won by resignation"]

1. c4 e6 2. Nf3 d5 3. d4 c6 4. Nc3 Nf6 5. e3 Nbd7 6. Qc2 Bd6 7.
Bd3 O-O 8. O-O dxc4 9. Bxc4 e5 10. Rd1 Qe7 11. Nh4 Nb6 12. Be2 e4 13. g3 Nbd5 14. Ng2 g5 15. f3 Bf5 16. fxe4 Nxe4 17. Qb3 Ndf6 18. Rf1 Bg6 19. Bf3 Rae8 20. a3 Kg7 21.
Qd1 h5 22. Nxe4 Bxe4 23. Bxe4 Qxe4 24. Rxf6 Kxf6 25. Qxh5 Rh8 26. Qe2 Rh3 27. Bd2 Reh8 28. Rf1+ Kg6 29. Rf2 Bxg3 30. Nf4+ Bxf4 31. exf4 Qxe2 32.
Rxe2 g4 33. Bc3 g3 34. hxg3 Rxg3+ 35. Kf2 Rh2+ 36. Kxg3 Rxe2 37. Kf3 Rc2 38. Ke4 Re2+ 39. Kf3 Re6 40. a4 Kf5 41. Bd2 Rh6 42. Be3 Rh3+ 43. Ke2 Ke4 0-1

[Event "*** Titled Tuesday 3|2 Blitz"]
[Site "Chess.com"]
[Date "2016.05.03"]
[Round "6"]
[White "vovkcoach"]
[Black "Quinten94"]
[Result "1-0"]
[WhiteElo "2528"]
[BlackElo "2345"]
[TimeControl "180+2"]
[EndTime "12:15:30 PDT"]
[Termination "vovkcoach won by resignation"]

1. d4 d5 2. c4 c6 3. Nf3 Nf6 4.
Nc3 dxc4 5. a4 Na6 6. e4 Bg4 7. Bxc4 Bxf3 8. gxf3 e6 9. O-O Nb4 10. a5 Be7 11. Be3 Qc7 12. f4 h6 13. Qf3 Nc2 14.
Rac1 Nxe3 15. fxe3 Qxa5 16. f5 e5 17. Qg3 Bd6 18.
Kh1 Rg8 19. Rcd1 Ke7 20. b4 Qc7 21. Qf2 Bxb4 22. Qb2 Bd6 23. Rc1 Ng4 24. Qe2 h5 25. Ba2 Qa5 26. Rb1 Qxc3 27. Rxb7+ Kf6 28. Rxf7+ Kg5 29.
f6 g6 30. Rd7 Rgd8 31. Rh7 Qxe3 32. Qg2 exd4 33. Be6 Rab8 34. h4+ 1-0

[Event "*** Titled Tuesday 3|2 Blitz"]
[Site "Chess.com"]
[Date "2016.05.03"]
[Round "6"]
[White "rasool78"]
[Black "YaWaleriy"]
[Result "1-0"]
[WhiteElo "2189"]
[BlackElo "2174"]
[TimeControl "180+2"]
[EndTime "12:15:30 PDT"]
[Termination "rasool78 won on time"]

1. e4 e6 2. d4 d5 3. Nc3 Nf6 4. Bg5 dxe4 5. Nxe4 Be7 6. Bxf6 Bxf6 7. Nf3 Nd7 8. Bd3 O-O 9. Qe2 Be7 10. O-O-O b6 11.
Kb1 Bb7 12. Ne5 Nf6 13. h4 Nxe4 14. Bxe4 Bxe4 15. Qxe4 Qd5 16. Qxd5 exd5 17. Nc6 Bf6 18. g3 Rfe8 19. Rhe1 a5 20. c3 a4 21. Kc2 Kf8 22. Kd3 Re6 23. Rxe6 fxe6 24. Re1 Kf7 25. f4 h5 26. Re2 Rh8 27. Na7 Ra8 28. Nb5 Rc8 29. c4 g6 30. c5 bxc5 31. dxc5 Ke7 32. c6 Rb8 33. Nxc7 1-0